 Dungeon Crawl Stone Soup version 0.18-a0-373-gaf408bd (webtiles) character file.

2965 Duffy the Nimble (level 9, 62/62 HPs)
             Began as a High Elf Fire Elementalist on Nov 29, 2015.
             Was an Initiate of Ashenzari.
             Quit the game on level 7 of the Dungeon.
             The game lasted 00:12:11 (10286 turns).

Duffy the Nimble (High Elf Fire Elementalist)      Turns: 10286, Time: 00:12:11

Health: 62/62      AC:  7    Str:  8    XL:     9   Next: 52%
Magic:  16/16      EV: 15    Int: 22    God:    Ashenzari [......]
Gold:   440        SH:  0    Dex: 19    Spells: 3 memorised, 8 levels left

rFire  . . .     SeeInvis +     E - +0 long sword (flame)
rCold  . . .     Clarity  .     I - +2 ring mail "Woahawas" {Int+3}
rNeg   . . .     SustAt   .     (no shield)
rPois  .         Gourm    .     (no helmet)
rElec  .         Spirit   .     (no cloak)
rCorr  .         Warding  .     (no gloves)
rMut   .         Stasis   .     (no boots)
MR     +....                    (no amulet)
Stlth  ++........               j - ring of see invisible
                                e - ring of protection from magic

@: somewhat resistant to hostile enchantments, unstealthy
A: no striking features
a: Renounce Religion


You were on level 7 of the Dungeon.
You worshipped Ashenzari.
Ashenzari was noncommittal.
You were not hungry.

You visited 2 branches of the dungeon, and saw 8 of its levels.

You collected 440 gold pieces.


   Skills:
 - Level 6.0 Fighting
 + Level 2.3 Maces & Flails
 - Level 8.4 Dodging
 - Level 2.1 Stealth
 - Level 4.0 Spellcasting
 - Level 6.4 Conjurations
 - Level 6.2 Fire Magic


You had 8 spell levels left.
You knew the following spells:

 Your Spells              Type           Power        Failure   Level  Hunger
a - Flame Tongue          Conj/Fire      ####.        2%          1    None
c - Conjure Flame         Conj/Fire      ####....     10%         3    ###....
s - Sticky Flame          Conj/Fire      ####....     30%         4    ####...

Inventory:

Hand Weapons
 w - a +0 whip of electrocution
 E - a +0 long sword of flaming (weapon)
Armour
 a - a +0 robe
 I - the +2 ring mail "Woahawas" (worn) {Int+3}

   It affects your intelligence (+3).
Jewellery
 e - a ring of protection from magic (left hand)
 j - a ring of see invisible (right hand)
 u - an uncursed ring of protection from cold
Wands
 x - a wand of cold (9)
 D - a wand of paralysis (20)
 K - a wand of magic darts (33)
Scrolls
 d - 7 scrolls of identify {unknown}
 h - 2 scrolls of recharging {unknown}
 l - a scroll of amnesia {unknown}
 m - a scroll of teleportation {unknown}
 n - 2 scrolls of fear {unknown}
 o - 3 scrolls of fog {unknown}
 q - 8 scrolls of curse armour
 y - a scroll of enchant weapon {unknown}
 A - 4 scrolls of curse weapon
 C - 2 scrolls of magic mapping {unknown}
 F - a scroll of immolation {unknown}
 G - a scroll of noise {unknown}
 L - a scroll of random uselessness {unknown}
Potions
 f - 6 potions of flight {unknown}
 g - a potion of brilliance {unknown}
 i - 2 potions of haste {unknown}
 k - 2 potions of might {unknown}
 r - 3 potions of heal wounds {unknown}
 t - 2 potions of degeneration {unknown}
 v - 2 potions of agility {unknown}
 z - a potion of cure mutation {unknown}
 B - 2 potions of lignification {unknown}
 H - a potion of berserk rage {unknown}
 J - a potion of invisibility {unknown}
Books
 b - a book of Flames
Comestibles
 c - 7 bread rations
 p - a slice of pizza
 s - 5 meat rations

Dungeon Overview and Level Annotations

Branches:
Dungeon (7/15)             Temple (1/1) D:5

Altars:
Ashenzari
Cheibriados
Dithmenos
Elyvilon
Fedhas
Gozag
Kikubaaqudgha
Makhleb
Nemelex Xobeh
Okawaru
Qazlal
Ru
Sif Muna
Trog
Vehumet
Xom
Yredelemnul
Zin
The Shining One


Message History

You hit the worker ant. You burn the worker ant.
You kill the worker ant!
No target in view!
No target in view!
A jelly comes into view.
There is an open door here.
You strike the helpless jelly from a blind spot!
You hit the jelly. You burn the jelly.
Your hands burn!
The jelly is lightly wounded.
The jelly barely misses you.
You hit the jelly. You burn the jelly.
Your hands burn!
The jelly is moderately wounded.
The jelly misses you. The jelly hits you but does no damage.
You hit the jelly but do no damage.
Your hands burn!
The jelly is moderately wounded.
The jelly hits you but does no damage.
You hit the jelly. You burn the jelly.
Your hands burn!
The jelly is moderately wounded.
The jelly completely misses you. The jelly barely misses you.
You hit the jelly. You burn the jelly. The acid corrodes you!
Your hands burn!
The jelly is heavily wounded.
The jelly barely misses you.
You hit the jelly but do no damage.
Your hands burn!
The jelly is heavily wounded.
The jelly hits you but does no damage.
You slash the jelly! You burn the jelly.
You kill the jelly!
No target in view!
No target in view!
You are no longer corroded.
All of the chunks of flesh in your inventory have rotted away.
You see here an uncursed dagger.
You see here 7 tomahawks.
Found an uncursed hand axe.
Are you sure you want to abandon this character and quit the game? (Confirm with "yes".) 777...).777 #.# 7....7777 #.# ...777 #.# .777 .# 77 77777

) 7777777777...7777
...
.....77...77....777..7
7777....7777777.@..7


777777 777777 There were no monsters in sight!

Action                   |  1- 3 |  4- 6 |  7- 9 || total
-------------------------+-------+-------+-------++-------
Melee: Whip              |       |       |    68 ||    68
       Long sword        |       |       |    40 ||    40
 Cast: Flame Tongue      |    59 |   141 |   188 ||   388
       Conjure Flame     |       |     7 |    13 ||    20
       Sticky Flame      |       |       |     7 ||     7
 Stab: Distracted        |       |       |     1 ||     1
  Eat: Chunk             |     2 |    12 |    17 ||    31

Notes
Turn   | Place    | Note
--------------------------------------------------------------
     0 | D:1      | Duffy the High Elf Fire Elementalist began the quest for the Orb.
     0 | D:1      | Reached XP level 1. HP: 11/11 MP: 4/4
   387 | D:1      | Reached XP level 2. HP: 17/17 MP: 4/6
   602 | D:1      | Reached skill level 2 in Conjurations
   846 | D:1      | Reached skill level 3 in Spellcasting
  1153 | D:2      | Reached XP level 3. HP: 21/21 MP: 6/8
  1194 | D:2      | Learned a level 3 spell: Conjure Flame
  1575 | D:2      | Reached skill level 3 in Conjurations
  1789 | D:2      | Reached XP level 4. HP: 27/27 MP: 5/10
  1802 | D:2      | Learned a level 4 spell: Sticky Flame
  3177 | D:3      | Reached XP level 5. HP: 31/31 MP: 6/11
  3415 | D:3      | Found a radiant altar of Vehumet.
  3419 | D:3      | Found a sparkling altar of Nemelex Xobeh.
  3609 | D:4      | Reached skill level 4 in Spellcasting
  3609 | D:4      | Reached skill level 4 in Conjurations
  3677 | D:4      | Reached skill level 4 in Fire Magic
  3690 | D:4      | Noticed an ogre
  3712 | D:5      | Entered Level 5 of the Dungeon
  4005 | D:5      | Found a staircase to the Ecumenical Temple.
  4013 | Temple   | Entered the Ecumenical Temple
  4278 | Temple   | Became a worshipper of Ashenzari the Shackled
  4636 | D:4      | Reached XP level 6. HP: 36/36 MP: 6/13
  4674 | D:4      | Reached skill level 5 in Conjurations
  5237 | D:4      | Reached skill level 5 in Fire Magic
  5368 | D:4      | Found a glowing golden altar of the Shining One.
  5410 | D:4      | Found a basalt altar of Yredelemnul.
  5509 | D:4      | Found a white marble altar of Elyvilon.
  5607 | D:5      | Reached XP level 7. HP: 27/41 MP: 1/14
  6087 | D:6      | Noticed Duvessa
  6088 | D:6      | Noticed Dowan
  6117 | D:6      | Killed Duvessa
  6117 | D:6      | Reached skill level 6 in Conjurations
  6161 | D:6      | Killed Dowan
  6161 | D:6      | Reached skill level 6 in Fire Magic
  6845 | D:6      | Reached skill level 1 in Fighting
  6968 | D:6      | Reached skill level 2 in Fighting
  7120 | D:6      | Reached skill level 3 in Fighting
  7197 | D:6      | Reached XP level 8. HP: 52/52 MP: 12/15
  7227 | D:6      | Reached skill level 4 in Fighting
  7648 | D:6      | Reached skill level 5 in Fighting
  7778 | D:6      | Got the uncursed ring mail "Woahawas" {Int+3}
  7789 | D:6      | Identified the +2 ring mail "Woahawas" {Int+3} (You found it on level 6 of the Dungeon)
  8009 | D:6      | Reached skill level 6 in Fighting
  8031 | D:6      | Reached skill level 3 in Dodging
  8423 | D:7      | Reached skill level 4 in Dodging
  8621 | D:7      | Reached skill level 5 in Dodging
  8748 | D:7      | Reached XP level 9. HP: 41/62 MP: 1/16
  8749 | D:7      | Reached skill level 6 in Dodging
  9153 | D:7      | Reached skill level 7 in Dodging
  9748 | D:7      | Reached skill level 1 in Maces & Flails
  9748 | D:7      | Reached skill level 8 in Dodging
  9916 | D:7      | Reached skill level 2 in Maces & Flails
 10286 | D:7      | Quit the game

Vault maps used:
D:1:      saegor_arrival_simple_d, minmay_misc_feat_square, moated_statue
D:2:      first_bread, minmay_misc_feat_cross
D:3:      grunt_temple_overflow_open
D:4:      kennysheep_ying_yang, tso_oasis_becter
D:5:      temple_green
D:6:      nicolae_underground_beach, uniq_duvessa
D:7:      forest_paths
Temple:   hc_temple_tempest_star

Vanquished Creatures
  A troll
  A hippogriff Duvessa
  2 orc warriors
  5 ogres
  3 centaurs
  A big kobold
  6 giant frogs
  2 gnoll sergeants
  A water moccasin zombie Dowan
  A scorpion
  A crimson imp
  A jelly
  2 orc priests
  2 hounds
  3 iguanas
  4 giant frog skeletons
  5 orc wizards
  6 worker ants
  A hound zombie
  A hound skeleton
  5 adders
  5 gnolls
  2 shadow imps
  4 oozes
  An adder zombie
  2 adder skeletons
  2 giant geckos
  36 orcs
  3 bats
  7 giant cockroaches
  9 goblins
  10 hobgoblins
  13 jackals
  5 quokkas
  A ball python
  A giant gecko skeleton
  4 giant newts
  A jackal zombie
  8 kobolds
  2 quokka skeletons
  3 rats
175 creatures vanquished.
